 Dungeon Crawl Stone Soup version 0.18-a0-1643-gb89d9db (webtiles) character file.

26 4thArraOfDagon the Chucker (level 3, 0/39 HPs)
             Began as an Ogre Hunter on Mar 28, 2016.
             Slain by an orc
             ... wielding a +0 dagger
              (3 damage)
             ... on level 4 of the Dungeon.
             The game lasted 00:01:42 (417 turns).

4thArraOfDagon the Chucker (Ogre Hunter)             Turns: 417, Time: 00:01:42

Health: 0/39       AC:  3    Str: 17    XL:     3   Next: 8%
Magic:  3/3        EV: 10    Int: 11    God:
Gold:   18         SH:  0    Dex: 10    Spells: 0 memorised, 2 levels left

rFire  . . .     SeeInvis .     h - +0 club
rCold  . . .     Gourm    .     b - +0 robe
rNeg   . . .     Faith    .     (no shield)
rPois  .         Spirit   .     (helmet restricted)
rElec  .         Dismiss  .     (no cloak)
rCorr  .         Reflect  .     (gloves unavailable)
SustAt .         Harm     .     (boots unavailable)
MR     .....                    (no amulet)
Stlth  +.........               (no ring)
                                (no ring)

@: not resistant to hostile enchantments, very unstealthy
A: unfitting armour, tough skin 1
a: no special abilities


You were on level 4 of the Dungeon.
You were not hungry.

You visited 1 branch of the dungeon, and saw 4 of its levels.

You collected 18 gold pieces.

Inventory:

Hand Weapons
 h - a +0 club (weapon)
Missiles
 c - 4 large rocks (quivered)
 d - 2 throwing nets
Armour
 b - a +0 robe (worn)
 i - a +0 large shield
Scrolls
 e - a scroll of noise {unknown}
 g - a scroll of magic mapping {unknown}
 j - a scroll of remove curse {unknown}
 k - a scroll of identify {unknown}
Potions
 l - a potion of cure mutation {unknown}
Comestibles
 a - a beef jerky
 f - 2 bread rations


   Skills:
 + Level 3.6 Fighting
 * Level 2.4 Maces & Flails
 - Level 4.0 Throwing
 - Level 1.7 Dodging
 - Level 0.7 Stealth


You had 2 spell levels left.
You didn't know any spells.

Dungeon Overview and Level Annotations

Branches:
Dungeon (4/15)
 Temple: D:4-7

Altars:
Elyvilon


Innate Abilities, Weirdness & Mutations

You are too large for most types of armour.
You have tough skin (AC +1).


Message History

Unknown command.
A giant newt comes into view.
The orc hits you with a dagger.
* * * LOW HITPOINT WARNING * * *
There is a stone staircase leading down here.
Unknown command.
The quokka bites you but does no damage.
You climb downwards.
Found 11 gold pieces.
There is a stone staircase leading up here.
Unknown command.
Throwing (i - inventory. (,) - cycle):
c - 5 large rocks (quivered)
Press: ? - help, Shift-Dir - straight line, f - orc
Aim: an orc, wielding a dagger You throw a large rock.
The large rock barely misses the orc.
The quokka closely misses you. The orc closely misses you.
The quokka bites you.
* * * LOW HITPOINT WARNING * * *
The orc hits you with a dagger.
You die...

#
....#####
#.....@#
#....ro#
#$####(#
###


You could see an orc and a quokka.

Vanquished Creatures
  2 adders (D:3)
  A giant gecko (D:2)
  A giant cockroach (D:1)
  A goblin (D:1)
  A hobgoblin (D:1)
  A bat (D:3)
  A giant newt (D:2)
  A rat (D:1)
9 creatures vanquished.

Notes
Turn   | Place    | Note
--------------------------------------------------------------
     0 | D:1      | 4thArraOfDagon the Ogre Hunter began the quest for the Orb.
     0 | D:1      | Reached XP level 1. HP: 22/22 MP: 1/1
   215 | D:2      | Found a white marble altar of Elyvilon.
   242 | D:2      | Reached skill level 1 in Maces & Flails
   242 | D:2      | Reached XP level 2. HP: 20/31 MP: 2/2
   397 | D:3      | Reached XP level 3. HP: 10/39 MP: 3/3
   417 | D:4      | Slain by an orc

Vault maps used:
D:1:      onia_arrival_pyramid
D:2:      elyvilon_altar_1, grunt_dithmenos_smoke, old_standard_altar,
          first_bread
D:3:      overflow_temple_1_default, minmay_hedge_maze, serial_bayou_pond_e,
          nicolae_ru_path_of_blood
D:4:      trog_eyes_of_draining, grunt_gozag_statues, minmay_temple_entry_fiery,
          serial_co_window_serial, co_window_paths_b,
          co_window_of_opportunity_a, co_window_corner_a, co_window_paths_a,
          co_window_paths_b, co_window_paths_a, co_window_cross_3,
          co_window_2corner, co_window_2corner, co_window_corner_cb,
          co_window_of_opportunity_b, co_window_corner_b, co_window_corner_ca,
          glass_columns_a, glass_columns_a, glass_columns_a, uniq_duvessa

Skill      XL: |  1  2 |
---------------+-------+-----
Fighting       | 3 |  3.6
Maces & Flails | 1 2 |  2.4
Throwing       | |  4.0
Dodging        | |  1.7
Stealth        | |  0.7

Action                   || total
-------------------------++-------
Melee: Club              ||    25
       Short sword       ||     6
Throw: Large rock        ||    12
       Throwing net      ||     5
 Stab: Held in net/web   ||     2
       Sleeping          ||     1
